 Dungeon Crawl Stone Soup version 0.23-a0-470-g6f7cfd9 (webtiles) character file.

22 Lavandula the Magician (level 2, -3/22 HPs)
             Began as a Naga Air Elementalist on Nov 26, 2018.
             Slain by an adder (5 damage)
             ... on level 1 of the Dungeon.
             The game lasted 00:01:24 (219 turns).

Lavandula the Magician (Naga Air Elementalist)       Turns: 219, Time: 00:01:25

Health: -3/22      AC:  1    Str: 10    XL:     2   Next: 91%
Magic:  6/6        EV: 10    Int: 15    God:
Gold:   14         SH:  0    Dex: 11    Spells: 6/7 levels left

rFire    . . .     SeeInvis +   d - +0 dagger
rCold    . . .     Gourm    .   (no shield)
rNeg     . . .     Faith    .   a - +0 robe
rPois    +         Spirit   .   (no helmet)
rElec    .         Reflect  .   (no cloak)
rCorr    .         Harm     .   (no gloves)
MR       .....                  (no barding)
Stlth    ++........             (no amulet)
HPRegen  0.07/turn              (no ring)
MPRegen  0.10/turn              (no ring)

@: lethally poisoned (-3 -> -7), very slow
A: large, see invisible, deformed body, poison resistance, slowness 2, slow
metabolism 1, spit poison 1, AC +0
a: Spit Poison


You were on level 1 of the Dungeon.
You were not hungry.

You visited 1 branch of the dungeon, and saw 2 of its levels.

You collected 14 gold pieces.

Inventory:

Hand Weapons
 d - a +0 dagger (weapon)
Armour
 a - a +0 robe (worn)
Scrolls
 b - a scroll of random uselessness {unknown}
Comestibles
 c - 4 rations


   Skills:
 - Level 1.5 Dodging
 - Level 3.0 Stealth
 + Level 3.1 Spellcasting
 - Level 1.0 Conjurations
 - Level 3.0 Air Magic


You had 6 spell levels left.
You knew the following spells:

 Your Spells              Type           Power        Failure   Level  Hunger
a - Shock                 Conj/Air       #...         9%          1    #......

Your spell library contained the following spells:

 Spells                   Type           Power        Failure   Level  Hunger
 Swiftness                Chrm/Air       #.......     16%         2    ##.....
 Static Discharge         Conj/Air       #.......     26%         3    ###....
 Airstrike                Air            ##........   50%         4    #####..
 Lightning Bolt           Conj/Air       #.........   94%         5    ######.


Dungeon Overview and Level Annotations

Branches:
Dungeon (2/15)

Altars:


Innate Abilities, Weirdness & Mutations

You cannot wear boots.
Your serpentine skin is tough. (AC +0)
You have supernaturally acute eyesight. (SInv)
Armour fits poorly on your strangely shaped body.
Your system is resistant to poisons. (rPois)
You cover ground very slowly.
You have a slow metabolism.
You can spit poison.


Message History

There is a stone staircase leading down here.
You climb downwards.
The frilled lizard hisses angrily.
The adder hisses angrily.
The adder closely misses you. The frilled lizard bites you.
There is a stone staircase leading up here.
The adder bites you.
You are poisoned.
The adder poisons you! The frilled lizard misses you.
The frilled lizard bites you. The adder bites you.
You climb upwards.
You feel sick.
There is a stone staircase leading down here.
Unknown command.
You feel sick. The frilled lizard closely misses you.
The frilled lizard barely misses you. The frilled lizard bites you.
You feel sick. The adder bites you.
* * * LOW HITPOINT WARNING * * *
The adder barely misses you.
* * * LOW HITPOINT WARNING * * *
You feel sick. The adder bites you.
You die...

#......# ##....... #
#......####.....#.# #.
#......#.......##.#
##.####.#'###.......##.#
#........#.# #.......#...
#........#†###.......#..#
#........#>[.............
+........#.†.......###...
#....♣.♣@#.l.......# #...
######........S....(♣.♣♣# #...
#.......♣.♣.♣.♣....♣♣.♣P♣ #...
#................♣♣P♣P..♣ #...
###......#♣#♣.♣.♣..♣PP.P.P♣♣#...
#.............+....♣..PP.♣.♣♣...
#.#......#.#♣.♣....♣♣....P♣.♣#..
#.#......#.##.#....♣♣.♣.........
#.########.##.####..♣♣.P.P..♣...


You could see an adder.

Vanquished Creatures
  A gnoll (D:1)
  A hobgoblin (D:1)
  4 jackals (D:1)
  2 kobolds (D:1)
  2 frilled lizards (D:1)
  2 rats (D:1)
12 creatures vanquished.

Notes
Turn   | Place    | Note
-------+----------+-------------------------------------------
     0 | D:1      | Lavandula the Naga Air Elementalist began the quest for the
                  | Orb.
     0 | D:1      | Reached XP level 1. HP: 15/15 MP: 3/3
    17 | D:1      | Reached XP level 2. HP: 22/22 MP: 0/5
   219 | D:1      | Slain by an adder

Vault maps used:
D:1:      zelgadis_glass_arrival_small, serial_forest,
          infiniplex_forest_clump_medium, infiniplex_forest_3_way,
          infiniplex_forest_lined_4_way, infiniplex_forest_lined_2,
          infiniplex_forest_straight_2
D:2:      gammafunk_temple_overflow_arena, chequers_ecumenical_altar_lobes

Skill      XL: |  1  2 |
---------------+-------+-----
Spellcasting   | 3 |  3.1
Dodging        | |  1.5
Stealth        | |  3.0
Conjurations   | |  1.0
Air Magic      | |  3.0

Action                   || total
-------------------------++-------
Melee: Unarmed           ||     3
 Cast: Shock             ||    12
 Abil: Spit Poison       ||    10
Armor: Robe              ||     1
Dodge: Dodged            ||    15

Table legend:
 A = Non-vault XP
 B = Vault XP
 C = Vault XP percentage of total XP
 D = Non-vault monster count
 E = Vault monster count
 F = Vault count percentage of total count
                 A         B        C        D         E       F
            +---------+---------+-------+---------+---------+-------
      Total |      32 |       0 |   0.0 |      12 |       0 |   0.0
            +---------+---------+-------+---------+---------+-------
        D:1 |      32 |       0 |   0.0 |      12 |       0 |   0.0
            +---------+---------+-------+---------+---------+-------
